 Dungeon Crawl Stone Soup version 0.31.0-12-g77e489cdc1 (webtiles) character file.

Game seed: 14349328776638012995

386 Gadfly the Trooper (level 6, 0/38 HPs)
             Began as a Gargoyle Fighter on Mar 4, 2024.
             Slain by a phantom (5 damage)
             ... on level 2 of the Dungeon.
             The game lasted 00:03:46 (2305 turns).

Gadfly the Trooper (Gargoyle Fighter)               Turns: 2305, Time: 00:03:47

Health: 0/38       AC: 13    Str: 19    XL:     6   Next: 78%
Magic:  8/8        EV:  9    Int:  9    God:
Gold:   86         SH:  5    Dex: 11    Spells: 5/5 levels left

rFire   + . .        a - +0 flail
rCold   . . .        c - +1 buckler
rNeg    + . .        b - +0 scale mail
rPois   ∞            e - +0 helmet
rElec   +            m - +0 cloak
rCorr   .            (no gloves)
SInv    .            (no boots)
Will    .....        (no amulet) Stlth
                     h - ring of protection from fire
HPRegen 0.26/turn    (no ring)
MPRegen 0.11/turn

%: no passive effects
@: no status effects
A: sickness immunity, AC +4, negative energy resistance 1, electricity
resistance, torment resistance 1, petrification resistance
a: no special abilities


You were on level 2 of the Dungeon.
You visited 1 branch of the dungeon, and saw 3 of its levels.

You collected 86 gold pieces.

Inventory:

Hand Weapons
 a - a +0 flail (weapon)
Armour
 b - a +0 scale mail (worn)
 c - a +1 buckler (worn)
 e - a +0 helmet (worn)
 m - a +0 cloak (worn)
Jewellery
 h - a ring of protection from fire (left hand)
Wands
 d - a wand of acid (3)
Scrolls
 i - a scroll of teleportation
 k - a scroll of amnesia
 l - a scroll of fear
Potions
 g - a potion of mutation


   Skills:
 + Level 4.1 Fighting
 * Level 3.6 Maces & Flails
 + Level 4.0 Armour
 + Level 4.0 Shields
 * Level 3.1 Invocations
 * Level 2.6 Evocations


You had 5 spell levels left.
You didn't know any spells.
Your spell library contained the following spells:

 Spells                   Type           Power      Damage    Failure   Level
 Animate Dead             Necr           0%         N/A       100%        4
 Borgnjor's Vile Clutch   Necr/Erth      0%         N/A       100%        5
 Death Channel            Necr           0%         N/A       100%        6


Dungeon Overview and Level Annotations

Branches:
Dungeon (3/15)

Altars:


Innate Abilities, Weirdness & Mutations

You are immune to sickness and miasma.
Your stone body is resilient. (AC +4)
You are immune to poison.
You resist negative energy. (rN+)
You are resistant to electric shocks. (rElec)
You are resistant to unholy torment.
You are immune to petrification.


Message History

The phantom is heavily damaged.
The phantom completely misses you.
You closely miss the phantom.
The phantom is heavily damaged.
The phantom closely misses you.
The phantom hits you but does no damage.
You closely miss the phantom.
The phantom is heavily damaged.
The phantom barely misses you.
You hit the phantom.
The phantom is heavily damaged.
The phantom hits you but does no damage.
You closely miss the phantom.
The phantom is heavily damaged.
The phantom hits you.
* * * LOW HITPOINT WARNING * * *
The phantom blinks!
You blink.
The phantom barely misses you.
You barely miss the phantom.
The phantom is heavily damaged.
The phantom closely misses you.
You sock the phantom!
The phantom is almost destroyed.
The phantom barely misses you.
You barely miss the phantom.
The phantom is almost destroyed.
The phantom closely misses you.
You miss the phantom.
The phantom is almost destroyed.
The phantom hits you but does no damage.
The phantom hits you.
* * * LOW HITPOINT WARNING * * *
You completely miss the phantom.
The phantom is almost destroyed.
The phantom hits you.
* * * LOW HITPOINT WARNING * * *
You closely miss the phantom.
The phantom is almost destroyed.
The phantom hits you.
You die...

#.#.###.# ###.# #.##.......##
#.#.###.# ##.## ##.##.##.#####
#.#..##.# #...# #....%...#
#.##.##.# #...# ###........####
#.##.##.# #...# #.............##
#.......####...###.#.##....###...
##.#.##...........<#........##...
#.###................>...........
##.#..#.........@W.#..#......#...
#...#.#.####...###.#..#......#...
........# #...# #.............~#
...###### #.#.# #............~P♣
...###### #...# #.#.........~~~~
...♣♣#### ##.## #.##..#.#..♣~~~~
..♣♣♣########.####.##.......~P~P~
.♣♣♣♣#####......##.###.#....~P~~~
♣♣♣♣♣♣####.##.#.##..........~~~~≈


You could see a phantom.

Vanquished Creatures
  Sigmund (D:2)
  Crazy Yiuf (D:2)
  Natasha (thrice) (D:2 D:1)
  An orc wizard (D:3)
  5 adders
  An orc (D:3)
  3 ball pythons
  8 bats
  5 endoplasms
  2 giant cockroaches
  7 goblins
  6 hobgoblins
  4 kobolds (D:1)
  5 quokkas (D:1)
  2 frilled lizards
  4 rats
58 creatures vanquished.

Notes
Turn   | Place    | Note
-------+----------+-------------------------------------------
     0 | D:1      | Gadfly the Gargoyle Fighter began the quest for the Orb.
     0 | D:1      | Reached XP level 1. HP: 14/14 MP: 1/1
   272 | D:1      | Reached XP level 2. HP: 19/19 MP: 2/2
   351 | D:1      | Found a faded altar of an unknown god.
   527 | D:1      | Reached skill level 1 in Invocations
   527 | D:1      | Reached skill level 1 in Evocations
   533 | D:1      | Reached XP level 3. HP: 23/23 MP: 3/3
   902 | D:2      | Noticed Natasha
   996 | D:2      | Killed Natasha
   997 | D:2      | Reached XP level 4. HP: 17/28 MP: 3/5
  1000 | D:2      | Noticed Natasha
  1022 | D:2      | Killed Natasha
  1076 | D:2      | Noticed Natasha
  1105 | D:1      | Killed Natasha
  1106 | D:1      | Reached XP level 5. HP: 5/33 MP: 6/6
  1351 | D:2      | Found a runed translucent door.
  1352 | D:2      | Noticed Crazy Yiuf
  1471 | D:2      | Noticed Sigmund
  1491 | D:2      | Killed Sigmund
  1492 | D:2      | Reached XP level 6. HP: 28/38 MP: 6/8
  2045 | D:2      | Killed Crazy Yiuf
  2305 | D:2      | Slain by a phantom

Illustrated notes

Levels and vault maps discovered:
D:1:      dpeg_arrival_central, layout_loops_corners, basic_ecumenical_altar,
          hangedman_decor_lopped
D:2:      layout_loops_cross, serial_bayou, serial_bayou_lagoon_b,
          serial_bayou_pond_d, serial_bayou_shore_b, serial_bayou_pond_d,
          uniq_sigmund, uniq_crazy_yiuf_cottage, uniq_natasha
D:3:      layout_rooms, grunt_temple_overflow_open,
          mainiacjoe_overflow_tiny_flanked, mainiacjoe_overflow_brackets,
          minivault_26, nicolae_elevator_lobby_asterisk, uniq_ijyb

Skill      XL: |  1  2  3  4  5  6 |
---------------+-------------------+-----
Invocations    | 1 2 3 |  3.1
Evocations     | 1 2 |  2.6
Maces & Flails | 3 |  3.6
Fighting       | 4 |  4.1
Armour         | 4 |  4.0
Shields        | 4 |  4.0

Action                     |  1- 3 |  4- 6 || total
---------------------------+-------+-------++-------
  Melee: Flail             |    84 |   159 ||   243
  Evoke: Wand              |       |     2 ||     2
    Use: Scroll            |     5 |     3 ||     8
         Potion            |       |     3 ||     3
 Armour: Scale mail        |    70 |   159 ||   229
  Dodge: Dodged            |    35 |    85 ||   120
  Block: Buckler           |    14 |    42 ||    56
